 Dungeon Crawl Stone Soup version 0.19-a0-664-g51fd293 (webtiles) character file.

21 LORDOFBUTT the Sneak (level 2, -1/15 HPs)
             Began as a Spriggan Assassin on June 16, 2016.
             Slain by a giant gecko (5 damage)
             ... on level 2 of the Dungeon.
             The game lasted 00:01:05 (774 turns).

LORDOFBUTT the Sneak (Spriggan Assassin)             Turns: 774, Time: 00:01:06

Health: -1/15      AC:  3    Str:  7    XL:     2   Next: 65%
Magic:  3/3        EV: 17    Int: 12    God:
Gold:   71         SH:  0    Dex: 17    Spells: 0 memorised, 1 level left

rFire  + . .     SeeInvis +     l - +0 short sword (elec)
rCold  . . .     Gourm    .     c - +0 robe
rNeg   . . .     Faith    .     (shield restricted)
rPois  .         Spirit   .     (helmet restricted)
rElec  .         Dismiss  .     d - +0 cloak
rCorr  .         Reflect  .     (gloves unavailable)
SustAt .         Harm     .     (boots unavailable)
MR     .....                    (no amulet)
Stlth  ++++......               (no ring)
                                m - ring of protection from fire

@: very quick, not resistant to hostile enchantments, stealthy
A: unfitting armour, see invisible, herbivore 3, speed 3, slow metabolism 2
a: no special abilities


You were on level 2 of the Dungeon.
You were not hungry.

You visited 1 branch of the dungeon, and saw 2 of its levels.

You collected 71 gold pieces.

Inventory:

Hand Weapons
 a - a +2 dagger
 b - a +0 blowgun
 l - a +0 short sword of electrocution (weapon)
Missiles
 e - 8 poisoned needles
 f - 2 curare-tipped needles
Armour
 c - a +0 robe (worn)
 d - a +0 cloak (worn)
Jewellery
 m - a ring of protection from fire (left hand)
Scrolls
 h - a scroll of immolation {unknown}
 i - a scroll of teleportation {unknown}
 j - a scroll of fog {unknown}
Potions
 k - a potion of berserk rage {unknown}
Comestibles
 g - a bread ration


   Skills:
 + Level 1.7 Fighting
 + Level 2.1 Short Blades
 + Level 2.0 Throwing
 + Level 2.2 Dodging
 + Level 6.8 Stealth


You had one spell level left.
You didn't know any spells.

Dungeon Overview and Level Annotations

Branches:
Dungeon (2/15)

Altars:

Annotations:
D:2 Natasha


Innate Abilities, Weirdness & Mutations

You are tiny and cannot use many weapons and most armour.
You have supernaturally acute eyesight. (SInv)
You are a herbivore.
You cover ground extremely quickly.
You need consume almost no food.


Message History

The rat closely misses you.
You hit the giant gecko.
The giant gecko is lightly wounded.
The giant gecko barely misses you. The rat bites you.
You hit the giant gecko.
The giant gecko is almost dead.
The giant gecko completely misses you. The rat misses you.
The giant gecko closely misses you.
You miss the giant gecko.
The giant gecko is severely wounded.
The rat closely misses you. The giant gecko misses you.
You barely miss the giant gecko.
The giant gecko is severely wounded.
The rat bites you. The giant gecko bites you.
* * * LOW HITPOINT WARNING * * *
You are too injured to fight recklessly!
You are too injured to fight recklessly!
You are too injured to fight recklessly!
You closely miss the rat. The giant gecko bites you.
You die...

# # .# #####
..# ....# #.#
....# #.#####
....# ##.....##
....#####
##.......##
........###
#...rl....#
....###...#
#...@.....#
..).# ###.#
#.........#
....# #.#
#.........#
....#
#.###.........#
....#
#............##
#####
#####.........#
#......>..#
#.........#
#...%.....#


You could see a giant gecko and a rat.

Vanquished Creatures
  A worm (D:2)
  4 bats
  A giant cockroach (D:2)
  2 hobgoblins
  3 goblins
  3 kobolds
  4 rats
18 creatures vanquished.

Notes
Turn   | Place    | Note
--------------------------------------------------------------
     0 | D:1      | LORDOFBUTT the Spriggan Assassin began the quest for the Orb.
     0 | D:1      | Reached XP level 1. HP: 10/10 MP: 2/2
    47 | D:1      | Reached skill level 6 in Stealth
   192 | D:1      | Reached XP level 2. HP: 13/14 MP: 3/3
   760 | D:2      | Noticed Natasha
   774 | D:2      | Slain by a giant gecko

Vault maps used:
D:1:      grunt_arrival_lava_bath
D:2:      first_bread, minmay_shallow_snake_nest, uniq_natasha

Skill      XL: |  1  2 |
---------------+-------+-----
Stealth        | 6 |  6.8
Dodging        | 2 |  2.2
Fighting       | |  1.7
Short Blades   | |  2.1
Throwing       | |  2.0

Action                   || total
-------------------------++-------
Melee: Dagger            ||    29
       Short sword       ||    35
 Stab: Sleeping          ||     9
Armor: Robe              ||    10
Dodge: Dodged            ||    45
